 Dungeon Crawl Stone Soup version 0.30-a0-1053-gbd8d5ba0ad (webtiles) character file.

Game seed: 18379006148277790801

830 mandoloar the Insei (level 7, -5/46 HPs)
             Began as an Octopode Transmuter on Apr 11, 2023.
             Was an Initiate of Cheibriados.
             Slain by a steam dragon (9 damage)
             ... on level 6 of the Dungeon.
             The game lasted 00:13:58 (4960 turns).

mandoloar the Insei (Octopode Transmuter)           Turns: 4960, Time: 00:13:59

Health: -5/46      AC:  1    Str: 17    XL:     7   Next: 97%
Magic:  0/12       EV: 19    Int: 22    God:    Cheibriados [......]
Gold:   229        SH:  0    Dex: 13    Spells: 6/13 levels left

rFire   . . .      SeeInvis .      - Unarmed
rCold   . . .      Faith    .    (no shield)
rNeg    . . .      Spirit   +    (helmet currently unavailable)
rPois   +          Reflect  .    b - amulet of guardian spirit
rElec   .          Rampage  .    e - ring "Xisuetat" {Str+6 Int+4}
rCorr   .                        u - +5 ring of evasion
Will    .....                    x - ring of poison resistance
Stlth   ++                       (no ring)
HPRegen 0.27/turn                (no ring)
MPRegen 0.13/turn                (no ring)
                                 (no ring)
                                 (no ring)

@: appendages, slow
A: tentacle spike 3, almost no armour, amphibious, 8 rings, camouflage 1,
gelatinous body 1, (nimble swimmer 1), tentacles
a: End Transformation, Renounce Religion


You were on level 6 of the Dungeon.
You worshipped Cheibriados.
Cheibriados was noncommittal.
One of your tentacles had grown a beastly spike.
You visited 2 branches of the dungeon, and saw 7 of its levels.

You collected 229 gold pieces.

Inventory:

Missiles
 d - 49 stones
 f - 8 poisoned darts
 n - 6 boomerangs
 s - 2 throwing nets
 t - a boomerang of dispersal
Armour
 h - a +2 tower shield
Jewellery
 b - an amulet of guardian spirit (around mantle)
 e - the ring "Xisuetat" (left tentacle) {Str+6 Int+4}
   (You acquired it on level 3 of the Dungeon)

   [ring of strength]

   Str:       It affects your strength (+6).
   Int:       It affects your intelligence (+4).
 u - a +5 ring of evasion (right tentacle)
 x - a ring of poison resistance (on tentacle)
Wands
 i - a wand of flame (34)
Scrolls
 c - 9 scrolls of teleportation
 g - 2 scrolls of enchant weapon
 q - a scroll of poison {unknown}
 r - a scroll of fear
 w - a scroll of enchant armour {unknown}
 y - a scroll of vulnerability {unknown}
Potions
 a - 3 potions of lignification
 j - a potion of curing {unknown}
 k - a potion of berserk rage
 l - a potion of cancellation {unknown}
 m - a potion of degeneration {unknown}
 o - a potion of flight {unknown}
 p - a potion of magic {unknown}
 v - a potion of ambrosia {unknown}


   Skills:
 + Level 3.3 Fighting
 + Level 4.0 Dodging
 + Level 4.5 Unarmed Combat
 + Level 3.7 Spellcasting
 + Level 3.9 Transmutations
 + Level 3.4 Ice Magic


You had 6 spell levels left.
You knew the following spells:

 Your Spells              Type           Power      Damage    Failure   Level
a - Beastly Appendage     Tmut           42%        N/A       2%          1
b - Wereblood             Tmut           21%        N/A       3%          2
c - Ice Form              Ice/Tmut       20%        N/A       26%         4

Your spell library contained the following spells:

 Spells                   Type           Power      Damage    Failure   Level
 Freeze                   Ice            76%        1d8       2%          1
 Frozen Ramparts          Ice            38%        1d6       9%          3
 Ozocubu's Armour         Ice            19%        N/A       9%          3
 Necrotise                Necr           16%        1d4       12%         1
 Summon Small Mammal      Summ           16%        N/A       12%         1
 Spider Form              Tmut/Pois      12%        N/A       16%         3
 Blink                    Tloc           8%         N/A       17%         2
 Lesser Beckoning         Tloc           8%         N/A       17%         2
 Momentum Strike          Conj/Tloc      8%         3d8       17%         2
 Hailstorm                Conj/Ice       11%        3d5       17%         3
 Call Canine Familiar     Summ           4%         N/A       34%         3
 Inner Flame              Hex/Fire       4%         N/A       34%         3
 Summon Guardian Golem    Hex/Summ       4%         N/A       34%         3
 Vampiric Draining        Necr           4%         2d6       34%         3
 Flame Wave               Conj/Fire      4%         2d5       75%         4
 Sticky Flame             Conj/Fire      4%         2d3       75%         4
 Agony                    Necr           4%         N/A       97%         5
 Conjure Ball Lightning   Conj/Air       2%         3x3d6     100%        6
 Ozocubu's Refrigeration  Ice            9%         4d9       100%        7
 Discord                  Hex            2%         N/A       100%        8
 Disjunction              Tloc           2%         N/A       100%        8


Dungeon Overview and Level Annotations

Branches:
Dungeon (6/15)             Temple (1/1) D:5

Altars:
Ashenzari
Cheibriados
Fedhas
Gozag
Hepliaklqana
Okawaru
Qazlal
Sif Muna
Trog
Uskayaw
Vehumet
Wu Jian
Xom
Yredelemnul
Zin
The Shining One

Shops:
D:3 (

Annotations:
D:4 2 transporters, promet's ghost, novice FoFi


Innate Abilities, Weirdness & Mutations

One of your tentacles has grown a beastly spike.
You cannot wear most types of armour.
You are amphibious.
You can wear up to eight rings at the same time.
Your skin changes colour to match your surroundings (Stealth+).
Your rubbery body absorbs attacks. (AC +1, EV +1)
((You are camouflaged when in or above water. (Stealth+)))
You have tentacles for arms and can constrict up to eight enemies at once.


Message History

You are engulfed in a cloud of scalding steam.
The steam dragon closely misses you. The steam dragon misses you.
You barely miss the steam dragon.
Your tentacle spike misses the steam dragon.
You squeeze the steam dragon, but do no damage.
The steam dragon is severely wounded.
You are engulfed in a cloud of scalding steam.
The steam dragon misses you. The steam dragon completely misses you.
You tentacle-slap the steam dragon.
The steam dragon is severely wounded.
You are engulfed in a cloud of scalding steam.
The steam dragon closely misses you. x2
You tentacle-slap the steam dragon but do no damage.
You pierce the steam dragon.
The steam dragon is almost dead.
You are engulfed in a cloud of scalding steam.
The steam dragon breathes steam at you. The ball of steam misses you.
You tentacle-slap the steam dragon but do no damage.
You pierce the steam dragon.
Your squeeze misses the steam dragon.
The steam dragon is almost dead.
You are engulfed in a cloud of scalding steam.
The steam dragon bites you. The steam dragon completely misses you.
You tentacle-slap the steam dragon but do no damage.
You squeeze the steam dragon, but do no damage.
The steam dragon is almost dead.
You are engulfed in a cloud of scalding steam.
The steam dragon barely misses you. The steam dragon misses you.
You closely miss the steam dragon.
The steam dragon is almost dead.
You are engulfed in a cloud of scalding steam.
* * * LOW HITPOINT WARNING * * *
You barely miss the steam dragon.
You pierce the steam dragon, but do no damage.
You tentacle-slap the steam dragon, but do no damage.
The steam dragon is almost dead.
You are engulfed in a cloud of scalding steam.
* * * LOW HITPOINT WARNING * * *
The steam dragon bites you!
You die...

.....
#...#
..####...#
...>.....
#...h...#
#.# #.#
#D# #@#
#§# #.#
#.# #§#
#§# ...
#.. ###


You could see a steam dragon.

Vanquished Creatures
  3 black bears
  A scorpion (D:5)
  2 howler monkeys
  2 hounds (D:5)
  An orc priest (D:5)
  Ijyb (D:4)
  A sleepcap (D:5)
  3 orc wizards
  Robin (D:3)
  3 gnolls (D:5)
  4 adders
  3 white imps (D:5)
  An adder zombie (D:3)
  3 dart slugs
  13 orcs
  9 ball pythons
  6 endoplasms
  4 giant cockroaches
  11 goblins
  10 hobgoblins
  3 jackals (D:1)
  6 quokkas
  A ball python skeleton (D:3)
  4 bats
  5 frilled lizards
  4 kobolds
  A quokka skeleton (D:3)
  6 rats
112 creatures vanquished.

Vanquished Creatures (others)
  6 plants (D:4)
  8 withered plants (D:3)
14 creatures vanquished.

Grand Total: 126 creatures vanquished

Notes
Turn   | Place    | Note
-------+----------+-------------------------------------------
     0 | D:1      | mandoloar the Octopode Transmuter began the quest for the
                  | Orb.
     0 | D:1      | Reached XP level 1. HP: 13/13 MP: 3/3
   146 | D:1      | Reached XP level 2. HP: 18/18 MP: 5/5
   161 | D:1      | Learned a level 2 spell: Wereblood
   608 | D:1      | Reached XP level 3. HP: 23/23 MP: 6/6
   629 | D:1      | Reached skill level 1 in Ice Magic
  1500 | D:2      | Reached XP level 4. HP: 26/29 MP: 4/7
  1505 | D:2      | Learned a level 4 spell: Ice Form
  1905 | D:3      | Noticed a black bear
  2178 | D:2      | Reached XP level 5. HP: 25/34 MP: 6/8
  2237 | D:3      | Killed a black bear
  2321 | D:3      | Noticed Robin
  2353 | D:3      | Identified a scroll of acquirement
  2353 | D:3      | Acquired the ring "Xisuetat" {Str+6 Int+4}
  2450 | D:3      | Found Loqys's Antique Weapon Shop.
  2503 | D:3      | You fall into a shaft and drop 1 floor!
  2686 | D:4      | Noticed Ijyb
  2700 | D:4      | Killed Ijyb
  2701 | D:4      | Reached XP level 6. HP: 41/41 MP: 4/10
  2767 | D:4      | Found a radiant altar of Vehumet.
  2826 | D:4      | Noticed a black bear
  2835 | D:4      | Killed a black bear
  2988 | D:4      | Acquired Ozocubu's Autobiography
  3047 | D:3      | Killed Robin
  3110 | D:3      | Found a bloodstained altar of Trog.
  3348 | D:4      | Found a transporter.
  3358 | D:4      | Noticed promet's ghost (novice FoFi)
  3406 | D:4      | Found a transporter.
  3465 | D:4      | Found Bupposm's Weapon Shop.
  3544 | D:5      | Entered Level 5 of the Dungeon
  3670 | D:5      | Reached XP level 7. HP: 17/45 MP: 4/11
  4465 | D:5      | Found a blossoming altar of Fedhas.
  4588 | D:5      | Found a staircase to the Ecumenical Temple.
  4595 | Temple   | Entered the Ecumenical Temple
  4641 | Temple   | Became a worshipper of Cheibriados the Contemplative
  4856 | D:6      | Noticed a steam dragon
  4960 | D:6      | Slain by a steam dragon

Illustrated notes

Levels and vault maps discovered:
D:1:      sevenhm_arrival_forest_fort_small_6, layout_rooms
D:2:      layout_basic, chequers_serial_rivers_small_3, minmay_pentomino_t4
D:3:      layout_rooms, nicolae_overflow_crystal_walls, serial_undead,
          serial_undead_a, serial_undead_b, serial_undead_b, serial_undead_a,
          serial_undead_c, serial_shops, nicolae_diamond_shop, uniq_robin
D:4:      layout_rooms, lemuel_round_altar, serial_shops, shop,
          gammafunk_ghost_gnarly_gnolls, minmay_diced_spiral, uniq_ijyb
D:5:      layout_basic, fedhas_altar_3, minmay_temple_entry_drinking_statues
D:6:      layout_loops_ring, mainiacjoe_overflow_paths,
          minmay_increasing_density, uniq_eustachio
Temple:   cyrus_circular_temple

Skill      XL: |  1  2  3  4  5  6  7 |
---------------+----------------------+-----
Ice Magic      | 1 2 3 |  3.4
Fighting       | 2 3 |  3.3
Dodging        | 3 4 |  4.0
Transmutations | 3 |  3.9
Spellcasting   | 3 |  3.7
Unarmed Combat | 4 |  4.5

Action                     |  1- 3 |  4- 6 |  7- 9 || total
---------------------------+-------+-------+-------++-------
  Melee: Unarmed           |    77 |    99 |    58 ||   234
         Kick              |    21 |    24 |    12 ||    57
         Constrict         |    18 |    25 |     9 ||    52
         Punch             |     1 |     1 |     2 ||     4
         Tentacles         |    13 |    11 |    12 ||    36
  Throw: Dart              |    11 |    19 |       ||    30
         Stone             |     1 |       |       ||     1
         Boomerang         |       |    11 |       ||    11
   Cast: Beastly Appendage |    32 |    25 |     6 ||    63
         Wereblood         |     2 |     2 |     2 ||     6
         Ice Form          |       |     1 |     4 ||     5
    Use: Scroll            |       |    11 |       ||    11
         Potion            |       |     1 |       ||     1
   Stab: Sleeping          |     2 |       |       ||     2
         Distracted        |       |     1 |       ||     1
 Armour: Skin              |     8 |    22 |     7 ||    37
  Dodge: Dodged            |    46 |    66 |    35 ||   147

Table legend: (Time is in decaauts)
 A = Elapsed time spent in this place.
 B = Non-inter-level travel time spent in this place.
 C = Inter-level travel time spent in this place.
 D = Time resting spent in this place.
 E = Time spent auto-exploring this place.
 F = Levels seen in this place.
 G = Mean time per level.
                   A        B        C        D        E       F      G
               +--------+--------+--------+--------+--------+-----+--------+
         Total |   5013 |   4638 |    375 |    872 |   2701 |   7 |  716.1 |
       Dungeon |   4935 |   4575 |    360 |    872 |   2659 |   6 |  822.5 |
        Temple |     78 |     63 |     15 |      0 |     42 |   1 |   78.0 |
               +--------+--------+--------+--------+--------+-----+--------+

Top non-repeatable levels by time:
     D:5: 1310 daAuts
     D:2: 1247 daAuts
     D:1: 978 daAuts
     D:4: 753 daAuts
     D:3: 609 daAuts
  Temple: 78 daAuts
     D:6: 35 daAuts
